 Dungeon Crawl Stone Soup version 0.26.1 (webtiles) character file.

Game seed: 7781156468964858994

252 theEndsummarily the Skirmisher (level 5, -5/50 HPs)
             Began as a Palentonga Chaos Knight on Feb 4, 2021.
             Was a Plaything of Xom.
             Killed by nerve-wracking pain
             ... invoked by Menkaure
              (14 damage)
             ... on level 4 of the Dungeon on Feb 5, 2021.
             The game lasted 00:13:52 (3054 turns).

theEndsummarily the Skirmisher (PaCK)               Turns: 3054, Time: 00:13:53

Health: -5/50      AC:  8    Str: 16    XL:     5   Next: 89%
Magic:  5/5        EV:  8    Int: 12    God:    Xom [..*...]
Gold:   246        SH:  0    Dex: 10    Spells: 4/4 levels left

rFire    . . .     SeeInvis +   a - +0 falchion (chaos)
rCold    . . .     Faith    .   (no shield)
rNeg     . . .     Spirit   .   h - +1 scale mail {rPois}
rPois    +         Reflect  .   j - +0 helmet
rElec    .         Harm     .   (no cloak)
rCorr    .         Rampage  .   (no gloves)
Will     .....                  (no barding)
Stlth    ..........             (no amulet)
HPRegen  0.16/turn              (no ring)
MPRegen  0.09/turn              (no ring)

@: no status effects
A: large, rugged brown scales 3, see invisible, deformed body, roll 1, armoured
tail
a: Rolling Charge, Renounce Religion


You were on level 4 of the Dungeon.
You worshipped Xom.
You were a toy of Xom.
You visited 1 branch of the dungeon, and saw 4 of its levels.

You collected 246 gold pieces.

Inventory:

Hand Weapons
 a - a +0 falchion of chaos (weapon)
Missiles
 k - 4 atropa-tipped darts
Armour
 b - a +2 leather armour
 h - a +1 scale mail of poison resistance (worn)
 j - a +0 helmet (worn)
Jewellery
 p - an uncursed amulet of the acrobat {unknown}
Scrolls
 g - 3 scrolls of remove curse {unknown}
 m - a scroll of enchant weapon {unknown}
 n - a scroll of immolation {unknown}
 o - a scroll of random uselessness {unknown}
 q - a scroll of blinking {unknown}
Potions
 c - a potion of curing
 d - 2 potions of might {unknown}
 e - a potion of degeneration {unknown}
 f - a potion of heal wounds {unknown}
 i - a potion of berserk rage {unknown}
 r - a potion of brilliance {unknown}
 s - a potion of magic {unknown}


   Skills:
 + Level 4.5 Fighting
 + Level 4.5 Long Blades
 - Level 1.5 Armour
 + Level 2.7 Dodging


You had 4 spell levels left.
You didn't know any spells.
Your spell library was empty.

Dungeon Overview and Level Annotations

Branches:
Dungeon (4/15)
 Temple: D:4-7

Altars:
Ashenzari
Sif Muna

Annotations:
D:4 Menkaure


Innate Abilities, Weirdness & Mutations

You are completely covered in rugged brown scales. (AC +3, +7% HP)
You have supernaturally acute eyesight. (SInv)
Armour fits poorly on your strangely shaped body.
You can roll at nearby foes to attack.
You have a long armoured tail.


Message History

You hit Menkaure.
Menkaure is heavily damaged.
Menkaure barely misses you.
You riposte.
You hit Menkaure but do no damage.
Menkaure is heavily damaged.
Menkaure hits you!
Your scale mail prevents you from hitting Menkaure.
Menkaure is heavily damaged.
Menkaure hits you!!
* * * LOW HITPOINT WARNING * * *
It was a potion of curing.
You feel better.
Xom thinks this is hilarious!
Menkaure hits you!
* * * LOW HITPOINT WARNING * * *
Okay, then.
You feel better. Menkaure closely misses you.
The leopard gecko bites you but does no damage.
Menkaure gestures at you while chanting.
Pain shoots through your body!
You die...
Xom guffaws!

,**,,****,****,* ,,**,,,,,,,,,,,*
,,,,,,,,**,*,*** ########
,,,*,**,,,,,,*#####......#
,,,*,*****,,,,,..##.####.########
,*,*,*****,****#.##.##...........
,,,,,,,,,,,*####.##.#..#.###.###.
*,,,******,*#.........##.# #.###.
*,,,* #.##.##@##......# #.##..
*,,,* #.....l..##########.##.#
*,>,*****#......M.#..............
*,,,,,,,,.#......?.........#.....
,,,,,,,,,,#.....###.......<##....
,,,,,,,,,.(.....* #........##.##.
,,,,,,,,,.#..##.**#........##<##.
*,,,*,***,##.*#.,,...............
*,,,,,,,,,*#,*##**#.......###.###


You could see Menkaure (fast, strong) and a leopard gecko.

Vanquished Creatures
  2 orc wizards (D:3)
  Robin (D:2)
  3 gnolls (D:3)
  3 adders
  An ooze (D:1)
  4 worms
  2 dart slugs
  2 leopard geckos
  10 orcs (D:3)
  11 bats
  3 giant cockroaches (D:3)
  15 goblins
  13 hobgoblins
  8 jackals
  A quokka (D:3)
  A ball python (D:2)
  6 frilled lizards
  6 kobolds
  10 rats
102 creatures vanquished.

Vanquished Creatures (others)
  A plant (D:4)
1 creature vanquished.

Grand Total: 103 creatures vanquished

Notes
Turn   | Place    | Note
-------+----------+-------------------------------------------
     0 | D:1      | theEndsummarily the Palentonga Chaos Knight began the quest
                  | for the Orb.
     0 | D:1      | Reached XP level 1. HP: 20/20 MP: 1/1
   127 | D:1      | Reached skill level 1 in Dodging
   145 | D:1      | XOM: potion effect (curing)
   147 | D:1      | Reached XP level 2. HP: 27/27 MP: 2/2
   226 | D:1      | XOM: silly message
   465 | D:1      | Found a broken altar of Ashenzari.
   572 | D:1      | XOM: cloud trail
   676 | D:1      | XOM: silly message
   762 | D:2      | Reached XP level 3. HP: 17/33 MP: 3/3
  1096 | D:2      | Noticed Robin
  1111 | D:2      | Killed Robin
  1121 | D:2      | XOM: silly message
  1124 | D:2      | Reached XP level 4. HP: 31/42 MP: 4/4
  1864 | D:3      | Reached XP level 5. HP: 47/49 MP: 5/5
  2087 | D:3      | XOM: silly message
  2435 | D:3      | XOM: silly message
  2441 | D:3      | Found a shimmering blue altar of Sif Muna.
  3045 | D:4      | Noticed Menkaure
  3049 | D:4      | XOM: potion effect (heal wounds)
  3051 | D:4      | HP: 1/50 [Menkaure (18)]
  3054 | D:4      | Killed from afar by Menkaure

Illustrated notes

Levels and vault maps discovered:
D:1:      scummos_arrival_checkerplants, layout_basic, ashenzari_altar_1
D:2:      layout_loops_ring, uniq_robin
D:3:      minmay_recursive_quarters, layout_basic,
          lemuel_coloured_pillars_altar, minmay_surrounded
D:4:      layout_loops_cross, old_standard_altar, corner_web_ring,
          corexii_shack, uniq_menkaure, uniq_ijyb

Skill      XL: |  1  2  3  4 |
---------------+-------------+-----
Dodging        | 1 2 |  2.7
Fighting       | 4 |  4.5
Long Blades    | 4 |  4.5
Armour         | |  1.5

Action                   |  1- 3 |  4- 6 || total
-------------------------+-------+-------++-------
Melee: Falchion          |   101 |   179 ||   280
       Tailslap          |    11 |    19 ||    30
 Abil: Rolling Charge    |     8 |     4 ||    12
  Use: Potion            |       |     2 ||     2
       Scroll            |       |     1 ||     1
 Stab: Petrified         |       |     1 ||     1
Armor: Leather armour    |    37 |       ||    37
       Scale mail        |    13 |   121 ||   134
Dodge: Dodged            |    41 |   108 ||   149
       Rpst.: Falchion   |    13 |    36 ||    49
